 Dungeon Crawl Stone Soup version 0.21-a0-578-gc6e9d75 (webtiles) character file.

2369 Megalobster the Covert (level 9, 0/39 HPs)
             Began as a Spriggan Enchanter on Dec 18, 2017.
             Was a Follower of Makhleb.
             Slain by a killer bee (3 damage)
             ... on level 8 of the Dungeon.
             The game lasted 00:31:39 (8907 turns).

Megalobster the Covert (Spriggan Enchanter)         Turns: 8907, Time: 00:31:39

Health: 0/39       AC:  4    Str:  6    XL:     9   Next: 21%
Magic:  20/20      EV: 23    Int: 18    God:    Makhleb [*.....]
Gold:   242        SH:  0    Dex: 16    Spells: 8/21 levels left

rFire    . . .     SeeInvis +   r - +1 dagger (drain)
rCold    . . .     Gourm    .   (shield restricted)
rNeg     . . .     Faith    +   v - +1 robe {Archmagi}
rPois    .         Spirit   .   (helmet restricted)
rElec    .         Reflect  .   A - +0 cloak
rCorr    .         Harm     .   (gloves unavailable)
MR       +....                  (boots unavailable)
Stlth    +++++.....             t - amulet of faith
HPRegen  0.13/turn              H - ring of see invisible
MPRegen  0.17/turn              (no ring)

@: lethally poisoned (0 -> -9), berserk cooldown, fainting, slowed, quick
A: very small, unfitting armour, see invisible, herbivore, speed 3, slow
metabolism 2
a: Renounce Religion


You were on level 8 of the Dungeon.
You worshipped Makhleb.
Makhleb was aware of your devotion.
You were fainting.

You visited 2 branches of the dungeon, and saw 9 of its levels.

You collected 242 gold pieces.

Inventory:

Hand Weapons
 a - a +1 dagger
 d - a +0 hunting sling of flaming
 e - a +0 short sword of draining
 r - a +1 dagger of draining (weapon)
Armour
 b - a +0 robe
 j - a +0 cloak
 v - a +1 robe of the Archmagi (worn)
 A - a +0 cloak (worn)
Jewellery
 t - an amulet of faith (around neck)
 H - a ring of see invisible (left hand)
Wands
 w - a wand of digging (6)
 C - a wand of flame (8)
Scrolls
 f - 2 scrolls of magic mapping
 g - a scroll of enchant armour {unknown}
 h - a scroll of fear {unknown}
 m - 3 scrolls of blinking
 p - 5 scrolls of remove curse
 q - 2 scrolls of immolation
 u - 4 scrolls of amnesia {unknown}
 y - 2 scrolls of teleportation
 B - a scroll of fog {unknown}
 F - a scroll of random uselessness {unknown}
Potions
 i - 2 potions of cancellation
 k - 2 potions of flight
 l - 5 potions of curing
 n - 2 potions of ambrosia
 s - a potion of heal wounds {unknown}
 x - a potion of haste {unknown}
 z - a potion of lignification {unknown}
 E - a potion of brilliance {unknown}
 G - a potion of resistance {unknown}
Books
 c - a book of Maledictions

   Spells                             Type                      Level
   a - Corona                         Hexes                        1
   b - Ensorcelled Hibernation        Hexes/Ice                    2
   c - Confuse                        Hexes                        3
   d - Tukima's Dance                 Hexes                        3
   e - Dazzling Spray                 Conjuration/Hexes            3
 D - a book of Callings

   Spells                             Type                      Level
   a - Summon Small Mammal            Summoning                    1
   b - Call Imp                       Summoning                    2
   c - Call Canine Familiar           Summoning                    3
   d - Summon Guardian Golem          Hexes/Summoning              3
   e - Summon Lightning Spire         Summoning/Air                4
   f - Summon Ice Beast               Ice/Summoning                4


   Skills:
 - Level 1.1 Short Blades
 + Level 7.9 Dodging
 * Level 11.8 Stealth
 * Level 6.9 Spellcasting
 + Level 7.1 Hexes
 * Level 4.1 Invocations


You had 8 spell levels left.
You knew the following spells:

 Your Spells              Type           Power        Failure   Level  Hunger
a - Corona                Hex            #####..      1%          1    None
b - Ensorcelled Hibernat  Hex/Ice        ####..       3%          2    None
c - Confuse               Hex            #####...     1%          3    ##.....
d - Tukima's Dance        Hex            #####...     1%          3    ##.....
e - Dazzling Spray        Conj/Hex       ####..       8%          3    ##.....
f - Summon Small Mammal   Summ           #...         11%         1    None


Dungeon Overview and Level Annotations

Branches:
Dungeon (8/15)             Temple (1/1) D:6
   Lair: D:8-11

Altars:
Dithmenos
Makhleb
Okawaru
Sif Muna
Uskayaw
Xom

Annotations:
D:3 Statics's ghost, amateur GnHu


Innate Abilities, Weirdness & Mutations

You are very small and have problems with some larger weapons.
You are too small for most types of armour.
You have supernaturally acute eyesight. (SInv)
You are a herbivore.
You cover ground extremely quickly.
You need consume almost no food.


Message History

You are no longer berserk.
You are exhausted.
You feel yourself slow down. The killer bee stings you!
You are more poisoned.
The killer bee poisons you!
You closely miss the killer bee.
You feel sick. The killer bee completely misses you.
The killer bee closely misses you. The killer bee stings you.
* * * LOW HITPOINT WARNING * * *
You are lethally poisoned!
The killer bee poisons you!
You hit the killer bee but do no damage.
* * * LOW HITPOINT WARNING * * *
You feel sick. The killer bee completely misses you. The killer bee misses you.
The killer bee completely misses you.
You completely miss the killer bee.
* * * LOW HITPOINT WARNING * * *
You feel sick. The killer bee barely misses you. x2
The killer bee stings you.
You die... #.# #.# #.# #.### .## #.#.##y... #######......... #yyyyyy...#

#y#####.###
#@# #!#
###.# .#.
##.#.# .#
#. ##....#
## ##
#...[.#
##...##
##<## #.#
#.#


You could see 3 killer bees.

Vanquished Creatures
  2 dancing weapons
  Grinder (D:6)
  Menkaure (D:6)
  An orc warrior (D:7)
  An ice beast (D:6)
  A sky beast (D:7)
  A phantom (D:7)
  2 centaurs (D:6)
  An ogre (D:4)
  2 bullfrogs (D:6)
  A wyvern skeleton (D:6)
  A scorpion (D:5)
  A killer bee (D:8)
  2 howler monkeys
  5 crimson imps
  A bullfrog zombie (D:5)
  An orc priest (D:7)
  A gnoll shaman (D:5)
  Crazy Yiuf (D:5)
  2 hounds
  2 jellies
  3 orc wizards
  2 bullfrog skeletons
  3 iron imps (D:5)
  Jessica (D:3)
  An iguana (D:6)
  3 worker ants
  A hound skeleton (D:5)
  A worker ant zombie (D:5)
  A howler monkey skeleton (D:5)
  5 gnolls
  12 adders
  A shadow imp (D:6)
  An ooze (D:5)
  2 adder zombies
  2 adder skeletons
  5 worms
  3 leopard geckos
  13 orcs
  6 bats
  10 giant cockroaches
  12 goblins
  7 hobgoblins
  2 jackals (D:7)
  4 frilled lizards
  10 kobolds
  A quokka skeleton (D:4)
  A quokka zombie (D:6)
  9 rats
153 creatures vanquished.

Vanquished Creatures (collateral kills)
  Edmund (D:5)
  A gnoll (D:4)
  6 orcs
  2 goblins (D:3)
  A jackal (D:7)
11 creatures vanquished.

Vanquished Creatures (others)
  5 dancing weapons
  Robin (D:3)
6 creatures vanquished.

Grand Total: 170 creatures vanquished

Notes
Turn   | Place    | Note
-------+----------+-------------------------------------------
     0 | D:1      | Megalobster the Spriggan Enchanter began the quest for the Orb.
     0 | D:1      | Reached XP level 1. HP: 9/9 MP: 5/5
   126 | D:1      | Reached XP level 2. HP: 12/13 MP: 6/6
   134 | D:1      | Learned a level 2 spell: Ensorcelled Hibernation
   667 | D:1      | Reached skill level 5 in Stealth
  1422 | D:2      | Reached XP level 3. HP: 16/16 MP: 1/8
  1624 | D:2      | Learned a level 3 spell: Confuse
  1906 | D:2      | Reached XP level 4. HP: 21/21 MP: 7/10
  1934 | D:2      | Learned a level 3 spell: Tukima's Dance
  2200 | D:2      | Reached skill level 6 in Stealth
  2959 | D:3      | Noticed Statics's ghost (amateur GnHu)
  3297 | D:3      | Noticed Jessica
  3333 | D:3      | Killed Jessica
  3586 | D:3      | Reached XP level 5. HP: 24/24 MP: 7/11
  3788 | D:3      | Noticed Robin
  3871 | D:3      | Killed Robin
  4373 | D:4      | Noticed an ogre
  4415 | D:4      | Killed an ogre
  4415 | D:4      | Reached skill level 7 in Stealth
  4682 | D:4      | Reached XP level 6. HP: 26/28 MP: 1/13
  4846 | D:4      | Reached skill level 5 in Dodging
  5329 | D:4      | Reached skill level 5 in Hexes
  5567 | D:5      | Entered Level 5 of the Dungeon
  5584 | D:5      | Noticed Edmund
  5612 | D:5      | Killed Edmund
  5612 | D:5      | Reached skill level 8 in Stealth
  5849 | D:5      | Reached XP level 7. HP: 19/32 MP: 7/15
  6236 | D:5      | Reached skill level 9 in Stealth
  6345 | D:5      | Found a runed door.
  6349 | D:5      | Noticed Crazy Yiuf
  6362 | D:5      | Killed Crazy Yiuf
  6362 | D:5      | Reached skill level 5 in Spellcasting
  7085 | D:5      | Found a burning altar of Makhleb.
  7270 | D:5      | Became a worshipper of Makhleb the Destroyer
  7340 | D:6      | Reached skill level 10 in Stealth
  7340 | D:6      | Reached XP level 8. HP: 29/36 MP: 17/17
  7420 | D:6      | Reached skill level 1 in Invocations
  7711 | D:6      | Noticed Menkaure
  7718 | D:6      | Killed Menkaure
  7845 | D:6      | Reached skill level 11 in Stealth
  7882 | D:6      | Found a staircase to the Ecumenical Temple.
  7882 | D:6      | Noticed Grinder
  7890 | D:6      | Killed Grinder
  7901 | Temple   | Entered the Ecumenical Temple
  7973 | D:6      | Reached * piety under Makhleb
  8179 | D:7      | Learned a level 3 spell: Dazzling Spray
  8181 | D:7      | Learned a level 1 spell: Summon Small Mammal
  8222 | D:7      | Reached XP level 9. HP: 39/39 MP: 16/19
  8657 | D:7      | Found a hide-covered altar of Uskayaw.
  8661 | D:7      | Found an iron altar of Okawaru.
  8664 | D:7      | Found a deep blue altar of Sif Muna.
  8907 | D:8      | Slain by a killer bee

Vault maps used:
D:1:      dpeg_arrival_tiny_i, minmay_misc_feat_ornament
D:2:      minmay_misc_feat_iff
D:3:      uniq_robin, uniq_jessica
D:4:      gup_sewer_entry_glass
D:5:      demons_altar, first_ration, uniq_edmund, uniq_crazy_yiuf_cottage
D:6:      minmay_temple_entry_grid, uniq_menkaure, uniq_grinder
D:7:      minmay_overflow_temple_star_quad
Temple:   compressed_dpeg_circular_temple

Skill      XL: |  1  2  3  4  5  6  7  8  9 |
---------------+----------------------------+-----
Stealth        | 5 6 7 8 10 11 | 11.8
Spellcasting   | 3 4 5 6 |  6.9
Hexes          | 4 5 6 7 |  7.1
Dodging        | 4 5 6 7 |  7.9
Invocations    | 3 4 |  4.1
Short Blades   | |  1.1

Action                   |  1- 3 |  4- 6 |  7- 9 || total
-------------------------+-------+-------+-------++-------
Melee: Dagger            |    79 |   313 |   386 ||   778
 Cast: Ensorcelled Hiber |    17 |    17 |     9 ||    43
       Confuse           |     3 |    26 |    28 ||    57
       Tukima's Dance    |       |    17 |    12 ||    29
  Use: Scroll            |       |     5 |     5 ||    10
       Potion            |       |     1 |     1 ||     2
 Stab: Sleeping          |    22 |    11 |    18 ||    51
       Confused          |     3 |     6 |    20 ||    29
       Distracted        |       |       |     1 ||     1
  Eat: Ration            |       |     5 |     2 ||     7
Armor: Robe              |     7 |    41 |    35 ||    83
Dodge: Dodged            |    45 |   268 |   294 ||   607

Table legend:
 A = Spawn XP
 B = Non-spawn XP
 C = Spawn XP percentage of total XP
 D = Spawn monster count
 E = Non-spawn monster count
 F = Spawn count percentage of total count
 G = Total turns spent on level
                    A         B        C        D         E        F      G
               +---------+---------+-------+---------+---------+-------+---------
         Total |       0 |    3385 |   0.0 |       0 |     163 |   0.0 |  8907
               +---------+---------+-------+---------+---------+-------+---------
           D:1 |       0 |      37 |   0.0 |       0 |      22 |   0.0 |  1551
           D:2 |       0 |      95 |   0.0 |       0 |      28 |   0.0 |  1731
           D:3 |       0 |     118 |   0.0 |       0 |      19 |   0.0 |  1044
           D:4 |       0 |     257 |   0.0 |       0 |      22 |   0.0 |  1314
           D:5 |       0 |     863 |   0.0 |       0 |      33 |   0.0 |  1655
           D:6 |       0 |    1304 |   0.0 |       0 |      19 |   0.0 |   775
           D:7 |       0 |     650 |   0.0 |       0 |      19 |   0.0 |   789
           D:8 |       0 |      61 |   0.0 |       0 |       1 |   0.0 |    46
               +---------+---------+-------+---------+---------+-------+---------
